AoeStats
← 30TITI30

Arena

510119036Analyzed
2v2 RM · 1d ago on Sep 29, 2026· 42m 43s· 4 players
Game mode
Random Map
Map size
Medium (4 player)
Population
200
Speed
Normal
Resources
Standard
Victory
Conquest
Starting age
Dark Age
Ending age
Imperial Age
RankedLock teamsTeams togetherTeam positionsShared explorationLock speedFull tech treeHidden civsTurbo modeCheats
Victory
Defeat
🇬🇪 Georgians · Georgia
1103
+16
🇮🇳 Teutons · India
1089
+17
🇫🇷 Franks · France
1108
-17
🇫🇷 Saracens · France
1107
-16
jayantrathee
10:39 Feudal Age
14:38 Castle Age
12:29 Double-Bit Axe
23:55 Bow Saw
27:26 Scale Mail Armor
27:37 Forging
27:18 Horse Collar
27:30 Gold Mining
27:30 Stone Mining
31:33 Imperial Age
28:51 Town Watch
30:57 Wheelbarrow
30:06 Pikeman
30:47 Squires
33:38 Chemistry
32:50 Fortified Wall
32:17 Halberdier
32:56 Heavy Scorpion
35:14 Stone Shaft Mining
36:28 Crenellations
36:29 Ironclad
36:52 Siege Engineers
40:22 Elite Teutonic Knight
41:38 Hoardings
Georgia
10:40 Feudal Age
14:18 Castle Age
12:16 Double-Bit Axe
12:13 Horse Collar
23:33 Bow Saw
23:46 Stone Mining
28:50 Imperial Age
28:18 Wheelbarrow
27:29 Loom
28:12 Heavy Plow
29:11 Scale Barding Armor
29:17 Forging
29:45 Gold Mining
31:03 Chain Barding Armor
32:25 Plate Barding Armor
32:25 Iron Casting
33:37 Bloodlines
33:14 Elite Monaspa
34:28 Crop Rotation
35:02 Stone Shaft Mining
36:40 Chemistry
36:25 Husbandry
38:42 Blast Furnace
37:43 Padded Archer Armor
41:28 Leather Archer Armor
42:24 Aznauri Cavalry
42:39 Conscription
Breton
8:43 Loom
11:16 Feudal Age
12:39 Horse Collar
12:44 Double-Bit Axe
14:28 Fletching
22:46 Castle Age
23:07 Forging
24:46 Scale Barding Armor
25:02 Bow Saw
24:54 Heavy Plow
25:33 Wheelbarrow
25:35 Gold Mining
25:38 Stone Mining
26:39 Crossbowman
27:24 Husbandry
27:35 Bloodlines
32:09 Chain Barding Armor
35:17 Imperial Age
36:02 Iron Casting
35:24 Heavy Camel Rider
37:16 Plate Barding Armor
37:16 Conscription
36:57 Murder Holes
38:23 Conscription
39:24 Ballistics
40:04 Chemistry
39:27 Ballistics
42:19 Gold Shaft Mining
30TITI30
7:40 Loom
10:36 Feudal Age
15:13 Castle Age
21:22 Double-Bit Axe
25:03 Ballistics
27:51 Scale Mail Armor
30:14 Forging
39:37 Imperial Age
40:29 Pikeman
41:10 Squires
40:55 Arson
40:59 Gambesons
41:16 Squires
41:02 Arson
Connection lost

Rejoining the realm…

Still unreachable

The connection could not be restored.

Session expired

The server has moved on; the page needs a fresh start.